Map: [ESL] Moondance

Players

ShaDoWn - Winner!

  • Race: Protoss Protoss
  • Spawn Location: 6:00

DnS

  • Race: Protoss Protoss
  • Spawn Location: 12:00

Event: DreamHack SC2 Masters 2022 Valencia

VOD

Have the link to the VOD?

Description

Time

  • Played on: July 2, 2022, 4:22 a.m.
  • Length: 14:24

All games in this series

Show
View Real Time Build Order
Export as new Build Order

ShaDoWn Protoss - Winner!

Build Orders: Cannon Rush 

Get SALT Encoding   

  12  0:00  Probe  
  13  0:12  Probe  
  14  0:17  Pylon  
  14  0:24  Probe  
  15  0:36  Forge  
  15  0:37  Probe (Chrono Boost)  
  16  0:48  Probe (Chrono Boost)  
  17  1:01  Pylon  
  17  1:04  Pylon  
  17  1:05  Pylon  
  17  1:19  Photon Cannon  
  17  1:23  Gateway  
  17  1:29  Photon Cannon  
  17  1:32  Probe  
  18  1:44  Photon Cannon  
  17  1:47  Photon Cannon  
  17  1:53  Photon Cannon  
  17  1:55  Probe  
  18  2:04  Assimilator  
  18  2:08  Probe (Chrono Boost)  
  19  2:15  Cybernetics Core  
  19  2:20  Probe (Chrono Boost)  
  19  2:22  Pylon  
  20  2:26  Probe (Chrono Boost)  
  21  2:35  Probe  
  22  2:37  Assimilator  
  22  2:47  Probe  
  22  2:49  Adept (Chrono Boost)  
  25  2:58  Nexus  
  25  3:03  Probe  
  26  3:09  Adept (Chrono Boost)  
  28  3:18  Probe  
  29  3:32  Adept  
  28  3:34  Probe  
  28  3:39  Stargate  
  29  3:47  Probe  
  30  3:53  Robotics Facility  
  30  4:04  Probe  
  30  4:07  Pylon  
  31  4:13  Probe  
  32  4:17  Probe  
  32  4:22  Assimilator  
  32  4:23  Phoenix (Chrono Boost)  
  31  4:27  Probe  
  34  4:33  Probe  
  35  4:40  Phoenix  
  38  4:45  Probe  
  38  4:48  Shield Battery  
  38  4:52  Immortal (Chrono Boost)  
  40  5:00  Probe x2  
  40  5:06  Pylon  
  42  5:12  Probe  
  43  5:15  Photon Cannon, Probe  
  44  5:25  Immortal (Chrono Boost)  
  48  5:35  Probe  
  45  5:39  Phoenix  
  47  5:48  Shield Battery  
  48  5:52  Shield Battery  
  48  5:54  Pylon  
  47  6:00  Immortal (Chrono Boost)  
  51  6:05  Probe  
  51  6:07  Probe  
  53  6:17  Phoenix, Probe  
  56  6:20  Probe (Chrono Boost)  
  56  6:24  Warp Gate  
  57  6:25  Pylon  
  57  6:29  Probe (Chrono Boost)  
  57  6:31  Assimilator  
  57  6:32  Probe (Chrono Boost)  
  59  6:38  Probe (Chrono Boost)  
  59  6:39  Probe (Chrono Boost)  
  61  6:40  Pylon  
  61  6:45  Probe  
  61  6:46  Nexus  
  61  6:52  Probe  
  63  6:58  Probe  
  64  7:04  Probe  
  65  7:10  Probe  
  66  7:16  Observer, Twilight Council, Probe  
  66  7:17  Protoss Ground Weapons Level 1, Gateway  
  66  7:19  Gateway  
  66  7:22  Probe  
  69  7:25  Gateway  
  69  7:28  Probe  
  70  7:34  Probe  
  71  7:40  Photon Cannon, Probe  
  72  7:46  Probe  
  72  7:50  Gateway  
  73  7:51  Gateway  
  73  7:52  Probe  
  73  7:58  Probe  
  75  8:02  Probe (Chrono Boost)  
  75  8:04  Probe (Chrono Boost)  
  72  8:11  Blink (Chrono Boost)  
  73  8:14  Probe (Chrono Boost)  
  73  8:16  Probe (Chrono Boost)  
  73  8:17  Probe (Chrono Boost)  
  75  8:21  Probe (Chrono Boost)  
  75  8:22  Probe (Chrono Boost)  
  75  8:23  Stalker x3  
  75  8:24  Probe (Chrono Boost)  
  84  8:29  Probe  
  84  8:31  Dark Shrine, Probe  
  86  8:34  Probe  
  86  8:39  Observer  
  86  8:41  Probe  
  89  8:43  Probe  
  89  8:46  Stalker  
  89  8:47  Pylon  
  92  8:49  Pylon  
  92  8:53  Gateway  
  92  8:57  Gateway  
  92  9:01  Assimilator  
  90  9:03  Immortal (Chrono Boost), Assimilator  
  90  9:06  Stalker x2  
  90  9:07  Sentry x2  
  102  9:11  Stalker  
  104  9:17  Probe  
  104  9:20  Pylon  
  104  9:23  Protoss Ground Weapons Level 2 (Chrono Boost)  
  105  9:31  Stalker x2  
  109  9:33  Nexus  
  109  9:35  Pylon  
  109  9:50  Stalker x4  
  109  9:51  Shadow Stride (Chrono Boost)  
  117  9:54  Pylon  
  117  9:57  Dark Templar  
  119  10:00  Dark Templar  
  119  10:05  Stalker  
  123  10:09  Pylon  
  123  10:15  Stalker x3  
  123  10:18  Stalker  
  123  10:40  Stalker x5  
  123  10:41  Stalker  
  121  10:50  Probe, Robotics Bay  
  121  10:51  Probe, Robotics Facility  
  117  11:01  Probe  
  106  11:04  Stalker x2  
  106  11:05  Stalker x2  
  106  11:06  Probe  
  106  11:11  Probe x2  
  112  11:16  Stalker x3  
  112  11:18  Probe  
  114  11:22  Probe  
  113  11:26  Probe  
  106  11:36  Stalker x4  
  106  11:38  Disruptor x2 (Chrono Boost)  
  114  11:42  Probe  
  114  11:45  Stalker x2  
  119  11:58  Stalker  
  119  12:00  Zealot x4  
  123  12:03  Probe  
  123  12:05  Probe  
  123  12:07  Disruptor (Chrono Boost)  
  123  12:08  Disruptor (Chrono Boost), Assimilator  
  125  12:09  Assimilator  
  125  12:26  Charge  
  123  12:36  Observer, Stalker x2  
  123  12:37  Stalker x4  
  127  12:41  Probe  
  126  12:51  Stalker  
  126  12:53  Disruptor (Chrono Boost)  
  126  12:55  Photon Cannon  
  131  13:04  Nexus  
  131  13:06  Pylon  
  122  13:14  Disruptor  
  118  13:21  Stalker x7  
  124  13:28  Disruptor  
  124  13:33  Probe  
  126  13:37  Photon Cannon  
  126  13:40  Gateway  
  126  13:41  Gateway  
  126  13:47  Stalker x7  
  136  13:51  Probe  
  136  13:52  Probe x2  
  142  13:58  Probe  
  134  14:08  Probe  
  136  14:11  Dark Templar x3  
  136  14:12  Zealot x4  
Show
View Real Time Build Order
Export as new Build Order

DnS Protoss 

Build Orders: Cannon Rush 

Get SALT Encoding   

  12  0:00  Probe  
  13  0:12  Probe  
  14  0:17  Pylon  
  14  0:24  Probe (Chrono Boost)  
  15  0:36  Probe (Chrono Boost), Gateway  
  16  0:44  Probe (Chrono Boost)  
  16  0:45  Assimilator  
  17  0:51  Probe  
  17  0:54  Assimilator  
  18  1:03  Probe  
  19  1:08  Forge  
  19  1:17  Pylon  
  19  1:22  Zealot (Chrono Boost)  
  20  1:41  Photon Cannon  
  20  1:47  Photon Cannon  
  20  1:57  Photon Cannon  
  20  2:07  Photon Cannon  
  20  2:15  Cybernetics Core  
  20  2:17  Gateway  
  20  2:19  Probe  
  21  2:24  Assimilator  
  21  2:31  Probe  
  22  2:41  Gateway  
  22  2:43  Probe  
  23  2:44  Pylon  
  23  2:57  Warp Gate  
  23  2:59  Probe  
  23  3:02  Stalker (Chrono Boost)  
  26  3:12  Probe  
  27  3:15  Shield Battery  
  27  3:24  Stalker  
  26  3:35  Probe  
  25  3:41  Stargate  
  25  3:47  Probe  
  26  3:52  Assimilator  
  26  4:03  Stalker  
  26  4:05  Probe  
  29  4:17  Probe  
  30  4:30  Oracle (Chrono Boost)  
  33  4:45  Stalker  
  35  4:49  Pylon  
  35  4:53  Stalker  
  35  4:54  Probe  
  38  5:06  Nexus  
  38  5:09  Probe  
  39  5:19  Twilight Council  
  39  5:35  Probe (Chrono Boost)  
  38  5:46  Probe (Chrono Boost)  
  39  5:51  Probe (Chrono Boost)  
  39  5:56  Blink  
  40  6:01  Probe  
  41  6:04  Nexus  
  41  6:13  Sentry, Probe (Chrono Boost)  
  45  6:19  Probe (Chrono Boost)  
  45  6:24  Probe (Chrono Boost)  
  46  6:26  Protoss Ground Weapons Level 1  
  46  6:28  Probe (Chrono Boost)  
  46  6:30  Probe (Chrono Boost)  
  46  6:31  Pylon  
  48  6:33  Probe (Chrono Boost)  
  48  6:38  Stalker  
  51  6:40  Probe  
  51  6:44  Probe  
  53  6:51  Shield Battery  
  53  6:52  Probe  
  52  6:57  Probe  
  53  7:01  Stalker  
  53  7:03  Stalker  
  53  7:05  Probe  
  56  7:09  Probe  
  57  7:15  Gateway  
  57  7:17  Probe, Gateway  
  57  7:18  Probe  
  57  7:21  Probe  
  60  7:27  Stalker x2  
  64  7:34  Probe x2  
  64  7:35  Probe  
  67  7:45  Gateway  
  67  7:46  Probe  
  67  7:51  Stalker x2  
  72  7:52  Probe  
  72  7:56  Probe  
  70  8:00  Probe  
  70  8:04  Probe  
  72  8:08  Probe  
  72  8:12  Probe  
  74  8:15  Stalker x4  
  74  8:16  Probe  
  74  8:17  Assimilator  
  83  8:20  Probe, Assimilator  
  83  8:23  Charge  
  83  8:24  Probe  
  85  8:31  Pylon  
  85  8:32  Pylon  
  85  8:37  Gateway  
  85  8:43  Pylon  
  85  8:49  Probe x3  
  88  8:58  Protoss Ground Weapons Level 2 (Chrono Boost), Assimilator  
  88  9:01  Probe x2  
  90  9:08  Templar Archives  
  90  9:13  Gateway  
  90  9:15  Gateway  
  90  9:16  Gateway  
  90  9:18  Probe  
  90  9:19  Pylon  
  90  9:20  Nexus  
  91  9:28  Robotics Facility  
  91  9:32  Pylon  
  91  9:42  Probe (Chrono Boost)  
  91  9:43  Pylon  
  88  9:46  Probe (Chrono Boost)  
  88  9:47  Probe (Chrono Boost)  
  88  9:51  High Templar x2, Zealot  
  88  9:52  Zealot x2  
  99  9:54  Probe (Chrono Boost)  
  99  9:56  Probe (Chrono Boost), Archon  
  99  9:58  Probe (Chrono Boost)  
  99  9:59  Probe (Chrono Boost)  
  101  10:02  Shield Battery  
  102  10:07  Gateway  
  102  10:11  High Templar x2, Zealot x2  
  110  10:19  Probe x2, Shield Battery  
  110  10:21  Zealot x2  
  116  10:24  Archon  
  116  10:25  Zealot x2  
  120  10:29  Zealot  
  120  10:35  Observer (Chrono Boost), Zealot  
  108  10:36  Zealot  
  108  10:42  Zealot x2  
  100  10:48  Probe x2  
  95  10:51  High Templar  
  95  10:52  High Templar  
  95  10:56  Archon  
  95  11:02  Zealot x4  
  91  11:08  Pylon  
  82  11:15  High Templar  
  82  11:16  High Templar x3  
  87  11:20  Archon x2  
  87  11:25  Observer  
  86  11:28  Zealot x4  
  78  11:40  Stalker x2, Pylon  
  78  11:48  Zealot  
  78  11:49  Zealot x4  
  88  11:59  Probe x3  
  88  12:01  Stalker x2  
  83  12:04  High Templar x2  
  89  12:09  Archon  
  89  12:11  Sentry, Zealot x3  
  90  12:26  Observer  
  89  12:33  Nexus  
  77  12:37  Probe x3  
  77  12:41  Phoenix (Chrono Boost)  
  82  12:49  Probe, High Templar x2  
  82  12:50  Zealot x4  
  95  12:54  Archon  
  95  12:59  Stalker x3  
  89  13:18  Zealot x3  
  85  13:20  Nexus  
  81  13:27  High Templar x2  
  81  13:32  Phoenix (Chrono Boost)  
  85  13:34  Archon  
  85  13:36  Zealot x4  
  93  13:47  Stalker x3  
  93  13:49  Phoenix  
  85  14:07  Stalker x3  
  85  14:09  Zealot  
  84  14:14  Zealot x2  
  82  14:20  Zealot x2  

Tags
 
Add a new tag
Caveats
  • Supply blocks, unpowered buildings, or Contaminate may cause inaccurate times.
  • Supply counts are checked every 10 seconds.